 Dungeon Crawl Stone Soup version 0.29-a0-330-g52719c12eb (webtiles) character file.

Game seed: 8879522206586020140

609 kae the Firebug (level 6, -4/45 HPs)
             Began as a Demigod Fire Elementalist on Apr 28, 2022.
             Slain by a killer bee (8 damage)
             ... on level 4 of the Dungeon.
             The game lasted 00:02:07 (5081 turns).

kae the Firebug (Demigod Fire Elementalist)         Turns: 5081, Time: 00:02:08

Health: -4/45      AC:  2    Str:  9    XL:     6   Next: 99%
Magic:  9/15       EV: 12    Int: 25    God:
Gold:   216        SH:  0    Dex: 14    Spells: 4/13 levels left

rFire   . . .      SeeInvis .   m - +0 mace (protect)
rCold   . . .      Faith    .   (no shield)
rNeg    . . .      Spirit   .   a - +0 robe
rPois   .          Reflect  .   (no helmet)
rElec   .          Harm     .   (no cloak)
rCorr   .          Rampage  .   (no gloves)
Will    .....                   (no boots)
Stlth   ++........              (no amulet)
HPRegen 0.15/turn               (no ring)
MPRegen 0.14/turn               (no ring)

@: lethally poisoned (-4 -> -10)
A: high MP 1, forlorn, divine attributes
a: no special abilities


You were on level 4 of the Dungeon.
You visited 1 branch of the dungeon, and saw 4 of its levels.

You collected 216 gold pieces.

Inventory:

Hand Weapons
 m - a +0 mace of protection (weapon)
Armour
 a - a +0 robe (worn)
Jewellery
 n - a ring of protection from fire
Wands
 i - a wand of polymorph (8)
Scrolls
 p - a scroll of identify
 q - a scroll of enchant weapon
Potions
 b - a potion of magic
 c - a potion of resistance
 d - a potion of degeneration {unknown}
 e - 2 potions of haste {unknown}
 f - 3 potions of curing {unknown}
 g - a potion of heal wounds {unknown}
 h - a potion of brilliance {unknown}
 j - a potion of ambrosia {unknown}
 k - a potion of attraction {unknown}
 l - 2 potions of lignification {unknown}
 o - 2 potions of flight {unknown}


   Skills:
 - Level 1.7 Dodging
 - Level 1.7 Stealth
 + Level 4.1 Spellcasting
 + Level 4.0 Conjurations
 + Level 4.9 Fire Magic


You had 4 spell levels left.
You knew the following spells:

 Your Spells              Type           Power      Damage    Failure   Level
a - Foxfire               Conj/Fire      100%       2x1d9     1%          1
b - Scorch                Fire           58%        2d7       1%          2
c - Conjure Flame         Conj/Fire      27%        6-21      4%          3
d - Inner Flame           Hex/Fire       17%        N/A       10%         3

Your spell library contained the following spells:

 Spells                   Type           Power      Damage    Failure   Level
 Flame Wave               Conj/Fire      27%        2d7       14%         4
 Ozocubu's Armour         Ice            5%         N/A       26%         3
 Fulminant Prism          Conj/Hex       7%         3d7       36%         4
 Iskenderun's Mystic Bla  Conj/Tloc      15%        2d5       36%         4
 Summon Ice Beast         Ice/Summ       5%         N/A       65%         4
 Lee's Rapid Deconstruct  Erth           2%         3d6*      94%         5
 Summon Mana Viper        Hex/Summ       5%         N/A       94%         5
 Summon Cactus Giant      Summ           2%         N/A       100%        6
 Monstrous Menagerie      Summ           2%         N/A       100%        7
 Ozocubu's Refrigeration  Ice            2%         4d5       100%        7


Dungeon Overview and Level Annotations

Branches:
Dungeon (4/15)
 Temple: D:4-7

Annotations:
D:3 1 runed translucent door, boracarina's ghost, amateur DjWz


Innate Abilities, Weirdness & Mutations

You have an increased reservoir of magic. (+10% MP)
You shall have no god before yourself.
Your divine heritage dramatically boosts your attributes as you level up.


Message History

Unknown command.
Unknown command.
Casting: Foxfire (safe; 1% risk of failure)
Confirm with . or Enter, or press ? or * to list all spells.
You conjure some foxfire!
The killer bee stings you.
You are poisoned.
The killer bee poisons you!
The foxfire hits the killer bee!
The killer bee is heavily wounded.
The killer bee stings you.
You feel sick.
The foxfire hits the killer bee.
The killer bee is almost dead.
The killer bee barely misses you. The killer bee misses you.
The killer bee stings you! The killer bee misses you.
Casting: Foxfire (safe; 1% risk of failure)
Confirm with . or Enter, or press ? or * to list all spells.
Flames lash the killer bee.
The killer bee is heavily wounded.
The killer bee's fire resistance burns away.
You feel sick. The killer bee barely misses you. The killer bee stings you!
The killer bee stings you.
You are more poisoned.
The killer bee poisons you! The killer bee barely misses you.
* * * LOW HITPOINT WARNING * * *
You feel very sick.
The killer bee stings you but does no damage.
The killer bee barely misses you. The killer bee stings you.
* * * LOW HITPOINT WARNING * * *
The killer bee barely misses you.
Casting: Scorch (safe; 1% risk of failure)
Confirm with . or Enter, or press ? or * to list all spells.
Flames lash the killer bee.
You kill the killer bee!
* * * LOW HITPOINT WARNING * * *
You feel sick. The killer bee barely misses you. The killer bee misses you.
Your Conjurations skill increases to level 4!
* * * LOW HITPOINT WARNING * * *
You feel sick. The killer bee stings you.
* * * LOW HITPOINT WARNING * * *
The killer bee stings you!
You die...

. ##.. ....... #... #.........#
#... #.........# ...#...
#.........# ...#... #.........#
...#...
#....##...###########..####
#....##..y##...##..##..##..
#........†@..............[.
#....<.....................
######.........................
.##... #...###..###......##...##.
......##...###..###......##...##.
.....>.......^...........#.......
..(......................#.......
...#...#.................#.......
....#..#...).............#######.


You could see a killer bee (combustible).

Vanquished Creatures
  Grinder (D:4)
  A black bear (D:4)
  2 killer bees (D:4)
  Natasha (thrice) (D:4)
  An orc wizard (D:4)
  6 adders
  A worm (D:2)
  2 dart slugs
  4 orcs (D:4)
  3 ball pythons
  6 bats
  6 endoplasms
  2 giant cockroaches (D:1)
  7 goblins
  2 hobgoblins (D:1)
  3 jackals (D:1)
  4 quokkas
  6 frilled lizards
  4 kobolds
  8 rats
72 creatures vanquished.

Vanquished Creatures (others)
  302 foxfires
302 creatures vanquished.

Grand Total: 374 creatures vanquished

Notes
Turn   | Place    | Note
-------+----------+-------------------------------------------
     0 | D:1      | kae the Demigod Fire Elementalist began the quest for the
                  | Orb.
     0 | D:1      | Reached XP level 1. HP: 14/14 MP: 5/5
    11 | D:1      | Reached skill level 1 in Conjurations
   453 | D:1      | Reached XP level 2. HP: 17/20 MP: 2/7
  1668 | D:2      | Reached XP level 3. HP: 26/26 MP: 6/9
  1671 | D:2      | Learned a level 2 spell: Scorch
  1675 | D:2      | Learned a level 3 spell: Conjure Flame
  2730 | D:2      | Reached XP level 4. HP: 30/33 MP: 4/10
  3701 | D:3      | Found a runed translucent door.
  3710 | D:3      | Noticed boracarina's ghost (amateur DjWz)
  3711 | D:3      | Noticed an ice beast
  3972 | D:3      | Noticed an air elemental
  3976 | D:3      | Noticed a fire elemental
  3976 | D:3      | Noticed a water elemental
  3976 | D:3      | Noticed an earth elemental
  4416 | D:4      | Noticed Natasha
  4420 | D:4      | Killed Natasha
  4421 | D:4      | Noticed Natasha
  4426 | D:4      | Killed Natasha
  4427 | D:4      | Reached XP level 5. HP: 38/38 MP: 7/12
  4455 | D:4      | Noticed Natasha
  4464 | D:4      | Killed Natasha
  4548 | D:4      | Noticed Grinder
  4566 | D:4      | Killed Grinder
  4567 | D:4      | Reached XP level 6. HP: 22/45 MP: 5/14
  4838 | D:4      | Learned a level 3 spell: Inner Flame
  5081 | D:4      | Slain by a killer bee

Illustrated notes

Levels and vault maps discovered:
D:1:      dpeg_arrival_pits, layout_basic,
          shapermc_ecumenical_altar_mp_highgroup, minmay_liquid_box,
          amcnicky_mini_corridor_feature, chequers_jeans
D:2:      layout_basic, kennysheep_generic_room_5
D:3:      layout_basic, lightli_temple_of_fire,
          nicolae_qazlal_style_of_elements, serial_glass, glass_columns_a,
          glass_columns_a, ebering_ghost_inner_flame
D:4:      layout_gridville, hangedman_decor_diamond_cutter, uniq_natasha,
          uniq_grinder

Skill      XL: |  1  2  3  4  5  6 |
---------------+-------------------+-----
Conjurations   | 1 2 3 4 |  4.0
Spellcasting   | 2 3 4 |  4.1
Fire Magic     | 3 4 |  4.9
Dodging        | |  1.7
Stealth        | |  1.7

Action                   |  1- 3 |  4- 6 || total
-------------------------+-------+-------++-------
Melee: Unarmed           |     8 |       ||     8
 Cast: Foxfire           |    91 |    83 ||   174
       Scorch            |     4 |     6 ||    10
  Use: Scroll            |     2 |     5 ||     7
Armor: Robe              |    12 |     3 ||    15
Dodge: Dodged            |    33 |    21 ||    54

Table legend: (Time is in decaauts)
 A = Elapsed time spent in this place.
 B = Non-inter-level travel time spent in this place.
 C = Inter-level travel time spent in this place.
 D = Time resting spent in this place.
 E = Time spent auto-exploring this place.
 F = Levels seen in this place.
 G = Mean time per level.
                   A        B        C        D        E       F      G
               +--------+--------+--------+--------+--------+-----+--------+
         Total |   5079 |   4975 |    104 |      0 |   4393 |   4 | 1269.8 |
       Dungeon |   5079 |   4975 |    104 |      0 |   4393 |   4 | 1269.8 |
               +--------+--------+--------+--------+--------+-----+--------+

Top non-repeatable levels by time:
     D:1: 1634 daAuts
     D:2: 1456 daAuts
     D:3: 1098 daAuts
     D:4: 890 daAuts
